 Dungeon Crawl Stone Soup version 0.23-a0-384-g3a68796 (webtiles) character file.

38 JeffiDaFish the Sneak (level 3, -8/24 HPs)
             Began as a Spriggan Enchanter on Oct 27, 2018.
             Killed from afar by Natasha (10 damage)
             ... with a magic dart
             ... on level 2 of the Dungeon.
             The game lasted 00:02:59 (1069 turns).

JeffiDaFish the Sneak (Spriggan Enchanter)          Turns: 1069, Time: 00:03:00

Health: -8/24      AC:  2    Str:  9    XL:     3   Next: 25%
Magic:  0/8        EV: 18    Int: 17    God:
Gold:   29         SH:  0    Dex: 16    Spells: 5/8 levels left

rFire    . . .     SeeInvis +   a - +2 dagger
rCold    + . .     Gourm    .   (shield restricted)
rNeg     . . .     Faith    .   b - +0 robe
rPois    .         Spirit   .   (helmet restricted)
rElec    +         Reflect  .   (no cloak)
rCorr    .         Harm     .   (gloves unavailable)
MR       .....                  (boots unavailable)
Stlth    ..........             (no amulet)
HPRegen  0.08/turn              c - ring of protection from cold
MPRegen  0.11/turn              (no ring)

@: berserking, very quick
A: very small, unfitting armour, see invisible, herbivore, speed 3, electricity
resistance, slow metabolism 2, MP-powered wands
a: no special abilities


You were on level 2 of the Dungeon.
You were not hungry.

You visited 1 branch of the dungeon, and saw 2 of its levels.

You collected 29 gold pieces.

Inventory:

Hand Weapons
 a - a +2 dagger (weapon)
Armour
 b - a +0 robe (worn)
Jewellery
 c - a ring of protection from cold (left hand)
Comestibles
 d - 4 rations


   Skills:
 + Level 1.5 Short Blades
 + Level 3.3 Dodging
 + Level 4.8 Stealth
 * Level 3.3 Spellcasting
 * Level 4.2 Hexes


You had 5 spell levels left.
You knew the following spells:

 Your Spells              Type           Power        Failure   Level  Hunger
a - Corona                Hex            ###....      3%          1    None
b - Ensorcelled Hibernat  Hex/Ice        ##....       11%         2    ##.....

Your spell library contained the following spells:

 Spells                   Type           Power        Failure   Level  Hunger
 Confuse                  Hex            ###.....     9%          3    ###....
 Tukima's Dance           Hex            ###.....     9%          3    ###....
 Dazzling Spray           Conj/Hex       ##....       22%         3    ###....


Dungeon Overview and Level Annotations

Branches:
Dungeon (2/15)

Altars:

Annotations:
D:2 Natasha


Innate Abilities, Weirdness & Mutations

You are very small and have problems with some larger weapons.
You are too small for most types of armour.
You have supernaturally acute eyesight. (SInv)
You are a herbivore.
You cover ground extremely quickly.
You need to consume almost no food.
You are resistant to electric shocks. (rElec)
You expend magic power (3 MP) to strengthen your wands.


Message History

* * * LOW HITPOINT WARNING * * *
Casting: Ensorcelled Hibernation (safe; 11% risk of failure)
Confirm with . or Enter, or press ? or * to list all spells.
Aiming: Corona (safe; 3% risk of failure)
Press: ? - help, Shift-Dir - straight line, f - Natasha
Aim: Natasha (unusually agile, chance to defeat MR: 54%) Natasha is outlined in light.
Natasha barely misses you.
You closely miss Natasha.
The crimson imp disappears in a puff of smoke!
Natasha closely misses you.
A red film seems to cover your vision as you go berserk!
You feel yourself moving faster!
You feel mighty! Natasha casts a spell at you. You resist with some effort.
You closely miss Natasha.
The crimson imp disappears in a puff of smoke!
You closely miss Natasha. Natasha casts a spell at you.
The magic dart hits you!
You die...

#.#### ###########(#..
#........##.#.#########
#........##.#.#...†...#..
+..............<.........
####......).##.#.#..........
#......#######.#.#..####.###
#......# #.#)#..# ..
.##..>.h.# #@#.#..# # .
#......# #h#.#... . #......#
#5#.#.... 8
#......#######.#.##.## #
#.......hS....§#.....
###...........#######
.........####..# ..########
##+# ..#


You could see Natasha and a crimson imp.

Vanquished Creatures
  An adder (D:2)
  An ooze (D:1)
  A worm (D:2)
  3 bats
  A giant cockroach (D:1)
  6 goblins
  2 hobgoblins
  A frilled lizard (D:2)
  3 kobolds
  A rat (D:1)
20 creatures vanquished.

Notes
Turn   | Place    | Note
-------+----------+-------------------------------------------
     0 | D:1      | JeffiDaFish the Spriggan Enchanter began the quest for the
                  | Orb.
     0 | D:1      | Reached XP level 1. HP: 9/9 MP: 5/5
   440 | D:1      | Reached XP level 2. HP: 13/13 MP: 7/7
   479 | D:1      | Learned a level 2 spell: Ensorcelled Hibernation
   755 | D:1      | Gained mutation: You expend magic power (3 MP) to
                  | strengthen your wands. [potion of mutation]
   755 | D:1      | Gained mutation: You are resistant to electric shocks.
                  | (rElec) [potion of mutation]
  1029 | D:2      | Noticed Natasha
  1048 | D:2      | Noticed a crimson imp
  1050 | D:2      | Noticed a crimson imp
  1052 | D:2      | Reached XP level 3. HP: 9/16 MP: 2/8
  1069 | D:2      | Killed from afar by Natasha

Vault maps used:
D:1:      dpeg_arrival_three_bigger_balls
D:2:      nicolae_overflow_hidden_temple, minmay_misc_feat_roman, uniq_natasha

Skill      XL: |  1  2 |
---------------+-------+-----
Spellcasting   | 3 |  3.3
Hexes          | 4 |  4.2
Short Blades   | |  1.5
Dodging        | |  3.3
Stealth        | |  4.8

Action                   || total
-------------------------++-------
Melee: Dagger            ||    83
 Cast: Corona            ||     8
       Ensorcelled Hiber ||     7
  Use: Scroll            ||     5
       Potion            ||     6
 Stab: Sleeping          ||     7
Armor: Robe              ||    15
Dodge: Dodged            ||    95

Table legend:
 A = Non-vault XP
 B = Vault XP
 C = Vault XP percentage of total XP
 D = Non-vault monster count
 E = Vault monster count
 F = Vault count percentage of total count
                 A         B        C        D         E       F
            +---------+---------+-------+---------+---------+-------
      Total |      55 |       0 |   0.0 |      20 |       0 |   0.0
            +---------+---------+-------+---------+---------+-------
        D:1 |      25 |       0 |   0.0 |      11 |       0 |   0.0
        D:2 |      30 |       0 |   0.0 |       9 |       0 |   0.0
            +---------+---------+-------+---------+---------+-------
